 Dungeon Sprint DCSS version 0.31-a0-750-gfe7b580527 (webtiles) character file.

Game seed: 10901762065021609133

14 rocky1 the Ruffian (level 2, -5/25 HPs)
             Began as a Tengu Shapeshifter on Sept 15, 2023.
             Slain by an ogre
             ... wielding a +0 giant club
              (30 damage)
             ... in the Dungeon (Sprint IX: "|||||||||||||||||||||||||||||").
             The game lasted 00:00:17 (58 turns).

rocky1 the Ruffian (Tengu Shapeshifter)               Turns: 58, Time: 00:00:18

Health: -5/25      AC:  2    Str: 14    XL:     2   Next: 45%
Magic:  3/3        EV: 12    Int: 10    God:
Gold:   0          SH:  0    Dex: 13    Spells: 1/1 levels left

rFire   . .          .
                       - Unarmed
rCold   . . .        (no shield)
rNeg    . . .        a - +0 animal skin
rPois   .            (helmet currently unavailable)
rElec   .            (cloak currently unavailable)
rCorr   .            (gloves currently unavailable)
SInv    .            (boots unavailable)
Will    .....        (no amulet) Stlth
                     (no ring)
HPRegen 0.24/turn    (no ring)
MPRegen 0.08/turn

%: no teleportation, acrobat
@: berserking, beast-form, very quick
A: beast (slay +2), beak, talons 3, acrobatic
a: Begin Untransformation


You were in the Dungeon.
You were a hulking beast.
You visited 1 branch

Inventory:

Armour
 a - a +0 animal skin (worn)
Talismans
 c - a beast talisman (active)
 d - a flux talisman
Scrolls
 j - a scroll of blinking
Potions
 b - a potion of lignification
 e - a potion of curing
 f - a potion of heal wounds
 g - a potion of haste
 h - 2 potions of magic


   Skills:
 * Level 2.0 Fighting
 + Level 2.6 Dodging
 + Level 4.4 Unarmed Combat
 + Level 3.7 Shapeshifting


You had one spell level left.
You didn't know any spells.
Your spell library was empty.

Dungeon Overview and Level Annotations

Branches:
Dungeon (1/1)

Altars:


Innate Abilities, Weirdness & Mutations

You are a hulking beast.
Your limbs bulge with bestial killing power. (Slay +2)
You have a beak for a mouth.
You have claws for feet.
You can magically evade attacks while moving or waiting.


Message History

You kill the rat!
You closely miss the kobold. You peck the kobold.
The kobold is heavily wounded.
The kobold closely misses you.
You barely miss the kobold.
The kobold is heavily wounded.
The kobold hits you with a +0 dagger.
You hit the kobold but do no damage. You claw the kobold.
You kill the kobold!
Things that are here:
a +0 dagger; a hobgoblin corpse You start resting.
HP restored.
You open the door.
An ogre, 2 adders and 2 iguanas come into view.
The iguana hisses angrily.
The adder hisses angrily. x2
Unknown command.
The ogre shouts!
The iguana hisses angrily.
The adder completely misses you. The adder barely misses you.
There is an open door here.
A red film seems to cover your vision as you go berserk!
You feel yourself moving faster!
You feel mighty! The adder closely misses you.
You hit the adder. Your kick misses the adder.
The adder is lightly wounded.
The adder bites you but does no damage.
You closely miss the adder. Your peck misses the adder.
The adder is lightly wounded.
The adder completely misses you.
You closely miss the adder. You claw the adder!
The adder is almost dead.
You hit the adder.
You kill the adder!
Your Fighting skill increases to level 2!
Your Unarmed Combat skill increases to level 4!
You have reached level 2!
You punch the ogre!
The ogre is heavily wounded.
The ogre hits you with a +0 giant club!!
Ouch! That really hurt!
You die...

▓.▓
▓.▓
▓'▓
▓)▓
▓.▓
▓.▓
▓.▓
▓.▓
▓h▓
▓O▓
▓S▓
▓l▓
▓.▓
▓l▓
▓+▓


You could see an ogre, 2 iguanas and an adder.

Vanquished Creatures
  An adder (D)
  A hobgoblin (D)
  A jackal (D)
  A kobold (D)
  A bat (D)
  A rat (D)
6 creatures vanquished.

Notes
Turn   | Place    | Note
-------+----------+-------------------------------------------
     0 | D        | rocky1 the Tengu Shapeshifter began the quest for the Orb.
     0 | D        | Reached XP level 1. HP: 12/12 MP: 2/2
    51 | D        | Noticed an ogre
    51 | D        | Noticed an iguana
    51 | D        | Noticed an iguana
    58 | D        | Reached skill level 4 in Unarmed Combat
    58 | D        | Reached XP level 2. HP: 17/17 MP: 3/3
    58 | D        | Slain by an ogre

Illustrated notes

Levels and vault maps discovered:
D:        linesprint [early_d, line_temple, items_1, d_10, items_2, lair_1,
          lair_end, items_3, orc_1, orc_end, items_4, d_15, swamp_1, shoals_1,
          snake_1, spider_1, d_20, vaults_1, items_5, swamp_end, shoals_end,
          snake_end, spider_end, vaults_end, d_27, items_6, zot_1, zot_end,
          crypt_end, forest_end, elf_end, slime_end, tomb_end, abyss_end,
          pan_hell_end]

Skill      XL: |  1 |
---------------+----+-----
Shapeshifting  | 3 |  3.7
Fighting       | 2 |  2.0
Unarmed Combat | 4 |  4.4
Dodging        | |  2.6

Action                     || total
---------------------------++-------
  Melee: Unarmed           ||    17
         Kick              ||     4
         Peck              ||     2
    Use: Potion            ||     1
 Armour: Animal skin       ||     8
  Dodge: Dodged            ||     9

Table legend: (Time is in decaauts)
 A = Elapsed time spent in this place.
 B = Non-inter-level travel time spent in this place.
 C = Inter-level travel time spent in this place.
 D = Time resting spent in this place.
 E = Time spent auto-exploring this place.
 F = Levels seen in this place.
 G = Mean time per level.
                   A        B        C        D        E       F      G
               +--------+--------+--------+--------+--------+-----+--------+
         Total |     55 |     55 |      0 |     29 |      0 |   1 |   55.0 |
       Dungeon |     55 |     55 |      0 |     29 |      0 |   1 |   55.0 |
               +--------+--------+--------+--------+--------+-----+--------+

Top non-repeatable levels by time:
       D: 55 daAuts
